 Dungeon Crawl Stone Soup version 0.31-a0-1002-g8e65716e6e (webtiles) character file.

Game seed: 7251529070360393564

104705 BinkBink the Warrior (level 16, -12/112 HPs)
             Began as a Gargoyle Monk on Nov 10, 2023.
             Was the Champion of Jiyva.
             Killed by divine providence
             ... invoked by an orc priest
              (13 damage)
             ... on level 2 of the Orcish Mines.
             The game lasted 00:39:59 (20629 turns).

BinkBink the Warrior (Gargoyle Monk)               Turns: 20629, Time: 00:39:59

Health: -12/112    AC: 41    Str: 22    XL:     16   Next: 4%
Magic:  16/16      EV: 13    Int: 12    God:    Jiyva [******]
Gold:   319        SH:  0    Dex: 18    Spells: 15/15 levels left

rFire   + + +        V - +4 demon whip (venom)
rCold   + + +        Q - +2 shield of Resistance {rF++ rC++ Will++}
rNeg    + . .        H - +0 acid dragon scales
rPois   ∞            d - +2 helmet
rElec   +            W - scarf {repulsion}
rCorr   +            j - +2 pair of gloves {Stlth+}
SInv    +            f - +0 pair of boots {Fly}
Will    +++..        X - amulet of regeneration
Stlth   +++++        I - ring of Kinekle {rF+ rC+ AC+4}
HPRegen 2.78/turn    L - +4 ring of protection
MPRegen 0.65/turn

%: repel missiles
@: confused, about to teleport, ambrosia-drunk, flying, studying Ranged Weapons
A: sickness immunity, AC +12, big wings, negative energy resistance 1,
electricity resistance, torment resistance 1, petrification resistance, claws 2,
thin skeletal structure 3, see invisible, acidic bite, eyeballs 1, gelatinous
body 2, tendrils
}: 1/15 runes: slimy
a: Renounce Religion, Oozemancy, Slimify


You were on level 2 of the Orcish Mines.
You worshipped Jiyva.
Jiyva was exalted by your worship.
You visited 4 branches of the dungeon, and saw 27 of its levels.
You also visited: Ossuary and Bailey.

You collected 1597 gold pieces.
You spent 1278 gold pieces at shops.

Inventory:

Hand Weapons
 C - a +7 dire flail of holy wrath
 N - the +5 dire flail "Vebygh" {flame, rF+ rC+ Int+3 Dex+3}
   (You took it off a two-headed ogre on level 9 of the Dungeon)

   Int+3:     It affects your intelligence (+3).
   Dex+3:     It affects your dexterity (+3).
   rF+:       It protects you from fire.
   rC+:       It protects you from cold.
 P - the +6 great mace of Debt {vamp, rF+}
   (You found it on level 9 of the Dungeon)

   rF+:       It protects you from fire.
 V - a +4 demon whip of venom (weapon)
Armour
 d - a +2 helmet (worn)
 f - a +0 pair of boots of flying (worn)
 j - a +2 pair of gloves of stealth (worn)
 H - +0 acid dragon scales (worn)
 Q - the +2 shield of Resistance (worn) {rF++ rC++ Will++}
   (You bought it in a shop on level 3 of the Dungeon)

   rF++:      It greatly protects you from fire.
   rC++:      It greatly protects you from cold.
   Will++:    It greatly increases your willpower.
 W - a scarf of repulsion (worn)
Jewellery
 I - the ring of Kinekle (left hand) {rF+ rC+ AC+4}
   (You acquired it on level 3 of the Lair of Beasts)

   [ring of protection]

   AC+4:      It affects your AC (+4).
   rF+:       It protects you from fire.
   rC+:       It protects you from cold.
 L - a +4 ring of protection (right hand)
 T - a ring of see invisible
 X - an amulet of regeneration (around neck)
 Y - the ring of Eveejoit {Wiz Fly rPois Will- Int+6}
   (You found it on level 5 of the Pits of Slime)

   [ring of wizardry]

   Wiz:       It improves your spell success rate.
   Int+6:     It affects your intelligence (+6).
   rPois:     It protects you from poison Will-: It decreases your willpower.
   Fly:       It grants you flight.
Wands
 k - a wand of digging (5)
 B - a wand of flame (30)
 J - a wand of polymorph (16)
 M - a wand of charming (7)
 S - a wand of roots (12)
 U - a wand of quicksilver (7)
Scrolls
 a - 5 scrolls of enchant armour
 e - a scroll of butterflies {unknown}
 i - 6 scrolls of noise
 l - 2 scrolls of poison
 m - a scroll of brand weapon {unknown}
 o - 6 scrolls of teleportation
 r - 2 scrolls of vulnerability {unknown}
 s - 2 scrolls of fear
 t - 6 scrolls of identify
 u - 2 scrolls of blinking
 y - 3 scrolls of revelation
 A - 4 scrolls of immolation
 D - 3 scrolls of amnesia
 F - 2 scrolls of fog {unknown}
Potions
 b - 7 potions of mutation {unknown}
 c - 3 potions of ambrosia
 g - 2 potions of brilliance {unknown}
 h - a potion of berserk rage {unknown}
 n - 5 potions of degeneration {unknown}
 p - 3 potions of attraction {unknown}
 q - 6 potions of curing {unknown}
 v - 6 potions of haste {unknown}
 w - 4 potions of lignification {unknown}
 x - 3 potions of magic {unknown}
 z - 3 potions of might {unknown}
 E - 2 potions of invisibility {unknown}
 G - a potion of resistance {unknown}
 K - a potion of heal wounds {unknown}
 O - a potion of enlightenment {unknown}
 R - 2 potions of cancellation {unknown}


   Skills:
 + Level 17.1 Fighting
 - Level 6.2(10.8) Axes
 + Level 14.8(15.4) Maces & Flails
 + Level 16.7 Armour
 - Level 2.4 Dodging
 + Level 9.5 Shields


You had 15 spell levels left.
You didn't know any spells.
Your spell library contained the following spells:

 Spells                   Type           Power      Damage    Failure   Level
 Apportation              Tloc           0%         N/A       56%         1
 Necrotise                Necr           0%         1d4       56%         1
 Summon Small Mammal      Summ           0%         N/A       56%         1
 Jinxbite                 Hex            0%         N/A       71%         2
 Wereblood                Tmut           0%         N/A       71%         2
 Call Canine Familiar     Summ           0%         N/A       91%         3
 Hailstorm                Conj/Ice       0%         3d3       91%         3
 Summon Guardian Golem    Hex/Summ       0%         N/A       91%         3
 Tukima's Dance           Hex            0%         N/A       91%         3
 Anguish                  Hex/Necr       0%         N/A       100%        4
 Brom's Barrelling Bould  Conj/Erth      0%         2d3       100%        4
 Cause Fear               Hex            0%         N/A       100%        4
 Passage of Golubria      Tloc           0%         N/A       100%        4
 Summon Ice Beast         Ice/Summ       0%         N/A       100%        4
 Alistair's Intoxication  Tmut/Pois      0%         N/A       100%        5
 Fireball                 Conj/Fire      0%         3d3       100%        5
 Iskenderun's Battlesphe  Conj           0%         2d6       100%        5
 Yara's Violent Unravell  Hex/Tmut       0%         3d3       100%        5
 Conjure Ball Lightning   Conj/Air       0%         3x3d6     100%        6
 Simulacrum               Ice/Necr       0%         N/A       100%        6
 Enfeeble                 Hex            0%         N/A       100%        7
 Orb of Destruction       Conj           0%         9d5       100%        7
 Summon Hydra             Summ           0%         N/A       100%        7
 Sublimation of Blood     Necr           Unusable   N/A       N/A         2

Dungeon Overview and Level Annotations

Branches:
Dungeon (15/15)            Temple (0/1) D:6            Lair (5/5) D:8
 Shoals (0/4) Lair:3        Snake (0/4) Lair:2        Slime (5/5) Lair:5
    Orc (2/2) D:12            Elf (0/3) Orc:2       Ossuary (visited)
 Bailey (visited)
 Vaults: D:13-14     Depths: D:15

Altars:
Dithmenos
Elyvilon
Kikubaaqudgha
Okawaru
Qazlal
Uskayaw
Xom
Jiyva

Shops:
D:3 ==*[[   D:6 :   D:7 *   D:9 :(?

Annotations:
Lair:3 1 runed translucent door, paps's ghost, journeyman DsGl
Slime:5 Royal Jelly
Orc:2 Saint Roka


Innate Abilities, Weirdness & Mutations

You are immune to sickness and miasma.
Your stone body is resilient. (AC +12)
You are immune to poison.
Your large and strong wings let you fly.
You resist negative energy. (rN+)
You are resistant to electric shocks. (rElec)
You are resistant to unholy torment.
You are immune to petrification.
You have very sharp fingernails.
You have an unnaturally thin skeletal structure. (Dex +6, Stealth+++)
You have supernaturally acute eyesight. (SInv)
You have acidic saliva.
Your body has grown eyes which may confuse attackers. (Acc +3)
Your pliable body absorbs attacks. (AC +2, EV +2)
You are covered in slimy tendrils that may disarm your opponents.


Message History

You are too injured to fight recklessly!
You whack the orc priest!
The orc priest is severely wounded.
The orc seems less confused.
The sixfirhy hits you. The sixfirhy shocks you. You resist.
The sixfirhy hits you but does no damage.
You block the orc's attack. The orc warrior barely misses you.
Saint Roka invokes the aid of Beogh against you.
Beogh smites you! The orc priest misses you.
The orc priest looks satisfied for a moment.
You block the orc priest's attack.
The orc priest mumbles some strange prayers to Beogh against you.
Beogh smites you!
* * * LOW HITPOINT WARNING * * *
The troll barely misses you. The troll claws you.
* * * LOW HITPOINT WARNING * * *
The troll claws you but does no damage.
You are confused.
You feel invigorated.
The sixfirhy hits you but does no damage. x2
The sixfirhy hits you.
* * * LOW HITPOINT WARNING * * *
The sixfirhy shocks you. You resist.
* * * LOW HITPOINT WARNING * * *
The orange demon stings you but does no damage.
The ynoxinul gestures.
The sixfirhy hits you.
* * * LOW HITPOINT WARNING * * *
The sixfirhy shocks you. You resist.
* * * LOW HITPOINT WARNING * * *
The orc priest invokes the aid of Beogh against you.
Beogh smites you!
* * * LOW HITPOINT WARNING * * *
The orc hits you but does no damage.
The orc wizard mumbles some strange words.
The orc wizard flickers and vanishes for a moment.
The orc priest hits you but does no damage. x2
The orc priest invokes the aid of Beogh against you.
Beogh smites you!
You die...

..............
......................#.
.o.....5...o............
....$....5..o.........#.
.....$.3oo5o............
......55ooooo...........
.....55oo4o.............
.....5To3o4.............
#..oo@oo4.............
......oooo#.............
#.......o...............
......##..$.............
...... #....$...........
..#.......#........#....
.......#................
.......................
....##$.#........#.##


You could see Saint Roka, 2 orc high priests, 2 orange demons, a troll, a
sixfirhy (summoned), a ynoxinul (summoned), a chaos spawn (summoned), an orc
sorcerer, 3 orc warriors, 7 orc priests, 5 orc wizards, 8 ufetubi and 6 orcs.

Vanquished Creatures
  Kirke (D:12)
  Snorg (D:12)
  A vault guard (Bailey)
  8 hydras
  3 boulder beetles
  A catoblepas (Lair:5)
  3 centaur warriors (D:13)
  4 two-headed ogres
  21 death yaks
  A deep troll shaman (Lair:5)
  A tengu warrior (D:11)
  Urug (Lair:3)
  A deep troll earth mage (D:13)
  Nergalle (Lair:3)
  Sonja (D:12)
  Amaemon (Lair:3)
  A skyshark (Lair:5)
  A fire crab (shapeshifter) (D:14)
  Lodul (D:12)
  A flayed ghost (D:13)
  The ghost of pzskc383 the Chopper, a novice GrFi (D:9)
  An arcanist (D:14)
  A lindwurm (Lair:5)
  A deep elf pyromancer (D:12)
  3 orc knights
  7 ugly things
  A salamander (Lair:2)
  A manticore (D:11)
  25 elephants
  4 cyclopes
  Maurice (D:11)
  2 black mambas
  A merfolk siren (Lair:3)
  A torpor snail (Lair:1)
  An orange demon (Lair:3)
  A gargoyle (D:13)
  18 cane toads
  A yaktaur (shapeshifter) (D:15)
  Maggie (Lair:1)
  2 rime drakes
  An unseen horror (D:11)
  A freezing wraith (D:15)
  6 komodo dragons
  3 polar bears
  5 trolls
  4 hornets (D:9)
  34 blink frogs
  6 dream sheep (Lair:4)
  A centaur simulacrum (D:11)
  A water elemental (D:11)
  6 wyverns
  A shadow (D:11)
  36 yaks
  2 wraiths (D:12)
  Grum (D:9)
  A basilisk (D:11)
  3 hogs (D:12)
  4 humans (Bailey)
  3 steam dragons
  14 vampire mosquitoes
  2 wargs
  3 nagas (Lair:2)
  Edmund (D:6)
  4 acid dragons
  9 water moccasins
  13 orc warriors
  A black bear (Lair:5)
  11 ogres
  17 wolves
  2 centaurs (D:13)
  A kobold brigand (D:9)
  16 bullfrogs
  2 gnoll sergeants
  A scorpion (D:5)
  2 water moccasin zombies (Ossuary)
  3 wights (D:7)
  2 killer bees (D:9)
  6 electric eels
  3 hounds
  4 gnoll boudas
  14 orc priests
  6 iguanas
  20 orc wizards
  2 mummies (Ossuary)
  8 adders
  39 gnolls
  A shadow imp (D:7)
  2 white imps
  2 ufetubi (D:7)
  A worm zombie (D:5)
  2 adder zombies (Ossuary)
  A worm (D:3)
  2 dart slugs
  59 orcs
  A giant cockroach (D:1)
  7 goblins
  8 hobgoblins
  3 quokkas
  4 ball pythons
  3 bats
  5 frilled lizards
  5 gnoll zombies (Ossuary)
  A goblin zombie (D:5)
  8 hobgoblin zombies
  15 kobolds
  5 kobold zombies (Ossuary)
  4 orc zombies
  4 rats
  A rat zombie (D:5)
597 creatures vanquished.

Vanquished Creatures (collateral kills)
  An ettin (D:13)
  A vault guard (Bailey)
  2 two-headed ogres (D:10)
  2 cyclopes (D:11)
  A komodo dragon (Lair:1)
  Prince Ribbit (Bailey)
  A wyvern (D:8)
  2 basilisks (D:8)
  A black bear (Lair:1)
  An ogre (D:4)
  A wolf (Lair:1)
  5 centaurs (D:11)
  A kobold brigand (D:9)
  Dowan (D:4)
  An orc priest (D:9)
22 creatures vanquished.

Vanquished Creatures (others)
  A cyclops (D:12)
  A rime drake (Lair:1)
  3 slime creatures
  A blink frog (Lair:5)
  A vampire (D:12)
  A water moccasin (Lair:3)
  Menkaure (D:7)
  An acid dragon (D:12)
  An ice beast (D:6)
  Duvessa (D:4)
  An ogre (D:12)
  5 wolves
  A phantom (D:5)
  2 bullfrogs
  An electric eel (D:11)
  44 jellies
  2 hounds
  An iguana (D:6)
  An orc wizard (D:12)
  A gnoll (D:8)
  An adder (D:4)
  A shadow imp (D:5)
  A white imp (D:7)
  7 orcs
  A bat (D:3)
  An endoplasm (D:4)
  3 goblins
  4 hobgoblins (D:4)
  A kobold (D:2)
  A quokka (D:2)
  2 frilled lizards (D:3)
94 creatures vanquished.

Grand Total: 713 creatures vanquished

Notes
Turn   | Place    | Note
-------+----------+-------------------------------------------
     0 | D:1      | BinkBink the Gargoyle Monk began the quest for the Orb.
     0 | D:1      | Reached XP level 1. HP: 14/14 MP: 1/1
   247 | D:1      | Reached XP level 2. HP: 19/19 MP: 2/2
   278 | D:1      | Found a faded altar of an unknown god.
   464 | D:1      | Prayed at the altar of an unknown god.
   464 | D:1      | Became a worshipper of Jiyva Julugaar the Shapeless
   464 | D:1      | Reached * piety under Jiyva
   464 | D:1      | Reached ** piety under Jiyva
   538 | D:1      | Reached skill level 1 in Armour
   745 | D:2      | Reached *** piety under Jiyva
   753 | D:2      | Reached XP level 3. HP: 24/24 MP: 3/3
   786 | D:2      | Gained mutation: You have large cloven feet. [Jiyva's
                  | grace]
   786 | D:2      | Gained mutation: You have hoof-like feet. [Jiyva's grace]
   786 | D:2      | Gained mutation: You have hooves in place of feet. [Jiyva's
                  | grace]
   786 | D:2      | Gained mutation: Your body has grown eyes which may confuse
                  | attackers. (Acc +3) [Jiyva's grace]
  1080 | D:2      | Reached XP level 4. HP: 29/29 MP: 4/4
  1108 | D:2      | Reached skill level 4 in Fighting
  1127 | D:2      | Reached **** piety under Jiyva
  1227 | D:3      | Noticed an animated pearl dragon scales
  1227 | D:3      | Found Huiboich's Armour Emporium.
  1234 | D:3      | Noticed an animated crystal plate armour
  1238 | D:3      | Identified the +2 robe of Gozag's Vengeance {rF+ Int+4
                  | Stlth+}
  1309 | D:3      | Reached XP level 5. HP: 30/33 MP: 5/5
  1497 | D:3      | Found Domuk's Jewellery Shop.
  1579 | D:3      | Found Utikih's Jewellery Emporium.
  1665 | D:3      | Found Ucrav's Armour Emporium.
  1733 | D:3      | Found a white marble altar of Elyvilon.
  1806 | D:3      | Found Vohu's Assorted Antiques.
  1984 | D:4      | Reached ***** piety under Jiyva
  2038 | D:4      | Noticed Dowan
  2103 | D:4      | Killed Duvessa
  2174 | D:4      | Killed Dowan
  2175 | D:4      | Reached XP level 6. HP: 32/39 MP: 6/6
  2338 | D:4      | Found a stormy altar of Qazlal.
  2374 | D:4      | Found an iron altar of Okawaru.
  2383 | D:4      | Reached skill level 5 in Axes
  2644 | D:4      | Gained mutation: You have a small jelly attached to you
                  | that may absorb projectiles. [Jiyva's grace]
  2644 | D:4      | Gained mutation: You have a pair of small horns on your
                  | head. [Jiyva's grace]
  2644 | D:4      | Gained mutation: You have a pair of horns on your head.
                  | [Jiyva's grace]
  2644 | D:4      | Gained mutation: You have a pair of large horns on your
                  | head. [Jiyva's grace]
  3003 | D:5      | Entered Level 5 of the Dungeon
  3034 | D:5      | Reached skill level 5 in Fighting
  3035 | D:5      | Reached XP level 7. HP: 30/44 MP: 7/7
  3071 | D:5      | Noticed a steam dragon
  3077 | D:5      | Killed a steam dragon
  3078 | D:5      | Reached skill level 1 in Maces & Flails
  3339 | D:5      | Found a sand-covered staircase.
  3372 | Ossuary  | Entered an ossuary
  3418 | Ossuary  | Reached XP level 8. HP: 51/51 MP: 8/8
  3718 | D:5      | Reached skill level 6 in Fighting
  3723 | D:5      | Reached skill level 5 in Armour
  4113 | D:6      | Found a staircase to the Ecumenical Temple.
  4157 | D:6      | Reached ****** piety under Jiyva
  4256 | D:6      | Found Dobasaj's Self-Improvement Boutique.
  4390 | D:6      | Noticed Edmund
  4397 | D:6      | Killed Edmund
  4569 | D:7      | Found Pain's Fire Supplies.
  4622 | D:7      | Lost mutation: You have hooves in place of feet. [Jiyva's
                  | grace]
  4622 | D:7      | Lost mutation: You have a small jelly attached to you that
                  | may absorb projectiles. [Jiyva's grace]
  4622 | D:7      | Gained mutation: You are strong-willed. (Will+) [Jiyva's
                  | grace]
  4622 | D:7      | Gained mutation: You are highly strong-willed. (Will++)
                  | [Jiyva's grace]
  4622 | D:7      | Gained mutation: You are extremely strong-willed. (Will+++)
                  | [Jiyva's grace]
  4622 | D:7      | Gained mutation: Your translucent skin slightly reduces
                  | your foes' accuracy. (Stealth+) [Jiyva's grace]
  4651 | D:7      | Killed Menkaure
  4671 | D:7      | Reached skill level 7 in Fighting
  4730 | D:7      | Noticed a cyclops
  4737 | D:7      | Killed a cyclops
  4738 | D:7      | Reached XP level 9. HP: 37/57 MP: 9/9
  5325 | D:7      | Found a shadowy altar of Dithmenos.
  5325 | D:7      | Found an ancient bone altar of Kikubaaqudgha.
  5549 | D:8      | Found a staircase to the Lair.
  5568 | D:8      | Reached skill level 8 in Fighting
  5568 | D:8      | Reached skill level 5 in Maces & Flails
  5806 | D:8      | Noticed a troll
  5815 | D:8      | Killed a troll
  5869 | D:8      | Reached XP level 10. HP: 65/65 MP: 10/10
  6221 | D:9      | Reached skill level 9 in Fighting
  6229 | D:9      | Noticed a cyclops
  6244 | D:9      | Noticed Grum
  6278 | D:9      | Killed Grum
  6279 | D:9      | Reached skill level 10 in Fighting
  6285 | D:9      | Killed a cyclops
  6331 | D:9      | Found a flagged portal.
  6361 | Bailey   | Entered a bailey
  6411 | Bailey   | Reached XP level 11. HP: 73/73 MP: 11/11
  6415 | Bailey   | Reached skill level 10 in Armour
  6426 | Bailey   | Noticed a vault guard
  6442 | Bailey   | Killed a vault guard
  6464 | Bailey   | Noticed Prince Ribbit
  6464 | Bailey   | Noticed a vault guard
  6475 | Bailey   | Killed a vault guard
  6476 | Bailey   | Reached skill level 11 in Fighting
  6477 | Bailey   | Killed Prince Ribbit
  6709 | D:9      | Found a transporter.
  6710 | D:9      | Found a transporter.
  6730 | D:9      | Found Judoameu's Book Shop.
  6859 | D:9      | Found Acre's Magic Scroll Shoppe.
  6999 | D:9      | Noticed a two-headed ogre
  7000 | D:9      | Lost mutation: You have a pair of large horns on your head.
                  | [Jiyva's grace]
  7000 | D:9      | Lost mutation: You have a pair of horns on your head.
                  | [Jiyva's grace]
  7000 | D:9      | Lost mutation: You have a pair of small horns on your head.
                  | [Jiyva's grace]
  7000 | D:9      | Lost mutation: You are extremely strong-willed. (Will+++)
                  | [Jiyva's grace]
  7000 | D:9      | Lost mutation: You are highly strong-willed. (Will++)
                  | [Jiyva's grace]
  7000 | D:9      | Gained mutation: You have a pair of small horns on your
                  | head. [Jiyva's grace]
  7000 | D:9      | Gained mutation: You have a pair of horns on your head.
                  | [Jiyva's grace]
  7000 | D:9      | Gained mutation: You have a pair of large horns on your
                  | head. [Jiyva's grace]
  7000 | D:9      | Gained mutation: Armour fits poorly on your pseudopods.
                  | [Jiyva's grace]
  7010 | D:9      | Found Dugo's Weapon Shoppe.
  7080 | D:9      | Noticed a two-headed ogre
  7080 | D:9      | Noticed pzskc383's ghost (novice GrFi)
  7249 | D:10     | Entered Level 10 of the Dungeon
  7291 | D:10     | Noticed a two-headed ogre
  7291 | D:10     | Noticed a two-headed ogre
  7318 | D:10     | Killed a two-headed ogre
  7320 | D:10     | Killed a two-headed ogre
  7666 | D:10     | Found a hide-covered altar of Uskayaw.
  7768 | D:11     | Noticed Maurice
  7781 | D:11     | Killed Maurice
  7946 | D:11     | Noticed a cyclops
  7952 | D:11     | Killed a cyclops
  8005 | D:11     | Noticed a two-headed ogre
  8010 | D:11     | Killed a two-headed ogre
  8011 | D:11     | Reached skill level 12 in Fighting
  8053 | D:11     | Noticed an orc knight
  8074 | D:11     | Killed an orc knight
  8100 | D:11     | Noticed a cyclops
  8107 | D:11     | Killed a cyclops
  8108 | D:11     | Reached XP level 12. HP: 52/81 MP: 12/12
  8134 | D:11     | Noticed a tengu warrior
  8164 | D:11     | Reached skill level 10 in Maces & Flails
  8173 | D:11     | Killed a tengu warrior
  8226 | D:11     | Identified the +8 orcbow "Hohypyme" {drain, rCorr Dex+2
                  | Stlth-}
  8748 | D:12     | Noticed Lodul
  8757 | D:12     | Noticed Sonja
  8832 | D:12     | Killed Lodul
  8838 | D:12     | Killed Sonja
  8839 | D:12     | Reached skill level 13 in Fighting
  8850 | D:12     | Found a staircase to the Orcish Mines.
  8942 | D:12     | Noticed Kirke
  8953 | D:12     | Killed Kirke
  8996 | D:12     | Lost mutation: You have a pair of large horns on your head.
                  | [Jiyva's grace]
  8996 | D:12     | Lost mutation: You are strong-willed. (Will+) [Jiyva's
                  | grace]
  8996 | D:12     | Lost mutation: Armour fits poorly on your pseudopods.
                  | [Jiyva's grace]
  8996 | D:12     | Gained mutation: Your rubbery body absorbs attacks. (AC +1,
                  | EV +1) [Jiyva's grace]
  8996 | D:12     | Gained mutation: Your pliable body absorbs attacks. (AC +2,
                  | EV +2) [Jiyva's grace]
  8996 | D:12     | Gained mutation: Your gelatinous body deflects attacks. (AC
                  | +3, EV +3) [Jiyva's grace]
  8996 | D:12     | Gained mutation: You are robust. (+10% HP) [Jiyva's grace]
  9050 | D:12     | Noticed Snorg
  9062 | D:12     | Killed Snorg
  9311 | D:12     | Noticed a two-headed ogre
  9482 | D:12     | Noticed an eight-headed hydra
  9510 | D:12     | Killed an eight-headed hydra
  9869 | D:13     | Identified the of Bijakk
  9995 | D:13     | Reached XP level 13. HP: 96/97 MP: 13/13
 10011 | D:13     | You are sucked into a shaft and drop 2 floors!
 10011 | D:15     | Entered Level 15 of the Dungeon
 10253 | D:14     | Reached skill level 14 in Fighting
 10534 | D:13     | Noticed an ettin
 10550 | D:13     | Noticed a crystal guardian
 10761 | D:13     | Killed an ettin
 10780 | D:13     | Identified the +3 buckler of the Supporting Gods {Harm
                  | Dex+3 Stlth+}
 11287 | D:3      | Bought the +2 shield of Resistance {rF++ rC++ Will++} for
                  | 846 gold pieces
 11287 | D:3      | Found the +2 shield of Resistance {rF++ rC++ Will++}
 11357 | D:3      | Bought a scroll labelled LEIVYC QUOGIO for 27 gold pieces
 11357 | D:3      | Bought a scroll labelled TUEPINK ZASUSOJE for 27 gold
                  | pieces
 11367 | D:3      | Identified a scroll of acquirement
 11521 | Lair:1   | Entered Level 1 of the Lair of Beasts
 11521 | Lair:1   | Lost mutation: You have a pair of horns on your head.
                  | [Jiyva's grace]
 11521 | Lair:1   | Lost mutation: You are robust. (+10% HP) [Jiyva's grace]
 11521 | Lair:1   | Lost mutation: Your gelatinous body deflects attacks. (AC
                  | +3, EV +3) [Jiyva's grace]
 11521 | Lair:1   | Gained mutation: You possess an exceptional clarity of
                  | mind. [Jiyva's grace]
 11521 | Lair:1   | Gained mutation: Your melee attacks may engulf your foes in
                  | ooze. [Jiyva's grace]
 11521 | Lair:1   | Gained mutation: You have acidic saliva. [Jiyva's grace]
 11521 | Lair:1   | Gained mutation: You have a somewhat thin skeletal
                  | structure. (Dex +2, Stealth+) [Jiyva's grace]
 11552 | Lair:1   | Identified the +1 chain mail of Rotation {Int+4}
 11588 | Lair:1   | Reached skill level 1 in Shields
 12747 | Lair:1   | Noticed Maggie
 12756 | Lair:1   | Killed Maggie
 12796 | Lair:2   | Reached skill level 15 in Fighting
 12943 | Lair:2   | Gained mutation: Your large and strong wings let you fly.
                  | [Gargoyle growth]
 12943 | Lair:2   | Reached XP level 14. HP: 98/98 MP: 14/14
 13019 | Lair:2   | Lost mutation: You have a pair of small horns on your head.
                  | [Jiyva's grace]
 13019 | Lair:2   | Lost mutation: You possess an exceptional clarity of mind.
                  | [Jiyva's grace]
 13019 | Lair:2   | Lost mutation: Your pliable body absorbs attacks. (AC +2,
                  | EV +2) [Jiyva's grace]
 13019 | Lair:2   | Gained mutation: You have sharp fingernails. [Jiyva's
                  | grace]
 13019 | Lair:2   | Gained mutation: You have very sharp fingernails. [Jiyva's
                  | grace]
 13019 | Lair:2   | Gained mutation: You have claws for hands. [Jiyva's grace]
 13019 | Lair:2   | Gained mutation: Armour fits poorly on your pseudopods.
                  | [Jiyva's grace]
 13237 | Lair:2   | Found a staircase to the Snake Pit.
 13684 | Lair:3   | Noticed Nergalle
 13695 | Lair:3   | Killed Nergalle
 13986 | Lair:3   | Identified the +2 robe of Vuh Vyix {rC- Int+3 Dex+4
                  | Archmagi}
 14036 | Lair:3   | You are sucked into a shaft and drop 1 floor!
 14214 | Lair:3   | Reached skill level 5 in Shields
 14246 | Lair:3   | Noticed Urug
 14259 | Lair:3   | Killed Urug
 14343 | Lair:3   | Found a runed translucent door.
 14346 | Lair:3   | Found a shimmering altar of Xom.
 14346 | Lair:3   | Noticed paps's ghost (journeyman DsGl)
 14347 | Lair:3   | Identified the +4 lajatang of Bloody Death {chaos, Str+2
                  | Dex+4}
 14415 | Lair:3   | Reached skill level 15 in Armour
 14465 | Lair:3   | Noticed Amaemon
 14475 | Lair:3   | Killed Amaemon
 14487 | Lair:3   | Acquired the ring of Kinekle {rF+ rC+ AC+4}
 14652 | Lair:3   | Found a staircase to the Shoals.
 14898 | Lair:4   | Lost mutation: You have hoof-like feet. [Jiyva's grace]
 14898 | Lair:4   | Lost mutation: You have large cloven feet. [Jiyva's grace]
 14898 | Lair:4   | Lost mutation: Your rubbery body absorbs attacks. (AC +1,
                  | EV +1) [Jiyva's grace]
 14898 | Lair:4   | Lost mutation: Your translucent skin slightly reduces your
                  | foes' accuracy. (Stealth+) [Jiyva's grace]
 14898 | Lair:4   | Lost mutation: Your melee attacks may engulf your foes in
                  | ooze. [Jiyva's grace]
 14898 | Lair:4   | Gained mutation: You have supernaturally acute eyesight.
                  | (SInv) [Jiyva's grace]
 14898 | Lair:4   | Gained mutation: Your rubbery body absorbs attacks. (AC +1,
                  | EV +1) [Jiyva's grace]
 14898 | Lair:4   | Gained mutation: Your pliable body absorbs attacks. (AC +2,
                  | EV +2) [Jiyva's grace]
 14898 | Lair:4   | Gained mutation: Your gelatinous body deflects attacks. (AC
                  | +3, EV +3) [Jiyva's grace]
 15523 | Lair:4   | Reached skill level 16 in Fighting
 15711 | Lair:5   | Entered Level 5 of the Lair of Beasts
 15737 | Lair:5   | Reached XP level 15. HP: 94/104 MP: 15/15
 16241 | Lair:5   | Identified the +3 hand axe of the Harvest {antimagic,
                  | Dex+6}
 16559 | Lair:5   | Lost mutation: You have claws for hands. [Jiyva's grace]
 16559 | Lair:5   | Lost mutation: You have a somewhat thin skeletal structure.
                  | (Dex +2, Stealth+) [Jiyva's grace]
 16559 | Lair:5   | Lost mutation: Your gelatinous body deflects attacks. (AC
                  | +3, EV +3) [Jiyva's grace]
 16559 | Lair:5   | Lost mutation: Armour fits poorly on your pseudopods.
                  | [Jiyva's grace]
 16559 | Lair:5   | Gained mutation: You have a somewhat thin skeletal
                  | structure. (Dex +2, Stealth+) [Jiyva's grace]
 16559 | Lair:5   | Gained mutation: You have a moderately thin skeletal
                  | structure. (Dex +4, Stealth++) [Jiyva's grace]
 16559 | Lair:5   | Gained mutation: You have an unnaturally thin skeletal
                  | structure. (Dex +6, Stealth+++) [Jiyva's grace]
 16559 | Lair:5   | Gained mutation: You are covered in slimy tendrils that may
                  | disarm your opponents. [Jiyva's grace]
 17145 | Lair:5   | Found a viscous altar of Jiyva.
 17146 | Lair:5   | Found a staircase to the Slime Pits.
 17548 | D:3      | Bought a green potion for 24 gold pieces
 17548 | D:3      | Bought a bubbling inky potion for 24 gold pieces
 17730 | D:9      | Identified the +6 great mace of Debt {vamp, rF+}
 17730 | D:9      | Identified the +5 dire flail "Vebygh" {flame, rF+ rC+ Int+3
                  | Dex+3}
 17762 | D:9      | Reached skill level 17 in Fighting
 17770 | D:9      | Killed pzskc383's ghost
 18022 | D:3      | Bought an amulet of regeneration for 330 gold pieces
 18336 | WizLab   | Identified the "Zoysch"
 18336 | Elf:1    | Identified the "Jibiwyst"
 18336 | Elf:1    | Identified the "Qaov"
 18336 | Elf:3    | Identified the "Laf Lei"
 18336 | Elf:3    | Identified the "Omig"
 18336 | Elf:3    | Identified the of Saemic
 18336 | Elf:3    | Identified the "Sal Seshry"
 18336 | Slime:1  | Entered Level 1 of the Pits of Slime
 18352 | Slime:1  | Noticed an acid blob
 18436 | Slime:1  | Noticed an acid blob
 18573 | Slime:1  | Noticed a rockslime
 18593 | Slime:1  | Noticed an azure jelly
 18603 | Slime:2  | Noticed an acid blob
 18612 | Slime:2  | Noticed an acid blob
 18642 | Slime:2  | Noticed an acid blob
 18777 | Slime:2  | Noticed an acid blob
 18909 | Slime:2  | Noticed an acid blob
 19001 | Slime:2  | Noticed an azure jelly
 19041 | Slime:3  | Noticed an acid blob
 19044 | Slime:3  | Noticed an acid blob
 19069 | Slime:3  | Noticed an acid blob
 19331 | Slime:4  | Noticed an acid blob
 19353 | Slime:4  | Noticed an azure jelly
 19385 | Slime:4  | Noticed an acid blob
 19428 | Slime:4  | Noticed a rockslime
 19433 | Slime:4  | Noticed an acid blob
 19438 | Slime:4  | Noticed a rockslime
 19460 | Slime:4  | Noticed an azure jelly
 19612 | Slime:5  | Entered Level 5 of the Pits of Slime
 19627 | Slime:5  | Noticed an acid blob
 19636 | Slime:5  | Identified the +11 longbow of Shrieking Terror {flame, rC-
                  | Dex+7 Stlth+}
 19667 | Slime:5  | Noticed the Royal Jelly
 19673 | Slime:5  | Noticed an acid blob
 19682 | Slime:5  | Noticed an acid blob
 19683 | Slime:5  | Identified the ring of Eveejoit {Wiz Fly rPois Will- Int+6}
 19687 | Slime:5  | Identified the +0 dagger of Uskayaw's Vengeance {venom,
                  | rElec Will+++ Str-5}
 19694 | Slime:5  | Noticed an azure jelly
 19712 | Slime:5  | Noticed a rockslime
 19736 | Slime:5  | Identified the +0 robe "Lepsez" {Will+++ Str+4 Dex-3}
 19743 | Slime:5  | Noticed an acid blob
 19749 | Slime:5  | Noticed an acid blob
 19751 | Slime:5  | Noticed an acid blob
 19756 | Slime:5  | Noticed a rockslime
 19766 | Slime:5  | Noticed an acid blob
 19780 | Slime:5  | Noticed an acid blob
 19784 | Slime:5  | Identified the +9 rapier of the Lamprey {drain, Int+3}
 19787 | Slime:5  | Got a slimy rune of Zot
 19847 | Slime:5  | Noticed an acid blob
 19883 | Slime:5  | Found a viscous altar of Jiyva.
 20250 | Orc:1    | Entered Level 1 of the Orcish Mines
 20399 | Orc:2    | Entered Level 2 of the Orcish Mines
 20467 | Orc:2    | Noticed Saint Roka
 20477 | Orc:2    | Reached XP level 16. HP: 85/112 MP: 16/16
 20509 | Orc:2    | Found a staircase to the Elven Halls.
 20629 | Orc:2    | HP: 1/112 [orc priest/divine providence (13)]
 20629 | Orc:2    | Killed from afar by an orc priest

Illustrated notes

Levels and vault maps discovered:
D:1:      dpeg_arrival_castle, layout_loops_ring,
          chequers_ecumenical_altar_lobes
D:2:      layout_rooms, kennysheep_cluttered_room, minmay_nonomino_d4
D:3:      layout_loops_ring, elyvilon_altar_3, serial_shops,
          nicolae_shop_mannequins, shop, nicolae_lakefront_shop,
          nicolae_lakefront_shop, shop, serial_glass, glass_columns_a,
          glass_columns_a, serial_bayou_lagoon_a
D:4:      layout_basic, mainiacjoe_overflow_catch_the_wave,
          minmay_misc_feat_rugged, minivault_25, dreamdust_mushroom_princess,
          uniq_duvessa
D:5:      layout_cave_pods, enter_ossuary_3
D:6:      layout_rooms, minmay_temple_entry_glass, nicolae_shop_self_help,
          uniq_edmund
D:7:      layout_loops_corners, gammafunk_temple_overflow_elements,
          nicolae_shop_fire_sale [nicolae_sub_dead_trees], grunt_ministairs_15,
          reono_crystal_passage, uniq_menkaure
D:8:      layout_basic, david_lair_generic
D:9:      hangedman_cross_stitches, layout_irregular_city, serial_shops,
          nicolae_shop_window_shopping, shop, nicolae_shop_peninsula,
          gammafunk_ghost_smash, enter_bailey_1, uniq_grum
D:10:     layout_basic, eat_drink_and_be_merry_uskayaw
D:11:     minmay_tri_box, layout_basic, serial_bayou, serial_bayou_lake_a,
          serial_bayou_lagoon_b, serial_bayou_pond_d, serial_bayou_shore_a,
          serial_bayou_pond_e, uniq_maurice
D:12:     layout_loops_ring, erik_orc_4, serial_co_window_serial,
          co_window_corner_a, co_window_paths_b, co_window_corner_a,
          co_window_paths_b, co_window_corner_a, co_window_broadway_b,
          co_window_2corner, co_window_corner_ca, co_window_broadway_a,
          co_window_4corner_a, co_window_paths_e, lightli_fourway_metalbox,
          uniq_lodul, uniq_kirke, uniq_sonja, uniq_snorg
D:13:     layout_roguey, minmay_diamond_spiral
D:14:     layout_layer_cave, grunt_vaults_entry_fortified,
          dreamdust_princess_bridge
D:15:     hangedman_depths_entry_civil_slaughter, layout_cave_pods,
          minmay_misc_feat_iff, dreamdust_wasp_nest
Lair:1:   layout_layer_cave, pdpol_lair_cavern_descent, uniq_maggie
Lair:2:   layout_chaotic_city, alex1729_snake_entry_snake, serial_bayou_shore_b
Lair:3:   layout_roguey, minmay_shoals_entry_lonely_mermaid, ebering_ghost_xom,
          uniq_amaemon, uniq_nergalle, uniq_urug
Lair:4:   layout_regular_city, grunt_megastairs_2
Lair:5:   grunt_lair_end_beastmaster, layout_layer_cave,
          dpeg_slime_entry_corner, grunt_megastairs_4, infiniplex_staircase_pool
Slime:1:  layout_caves
Slime:2:  layout_caves, nicolae_slime_ancient_tower_intersection,
          cheibrodos_slime_lost_civilization_5
Slime:3:  layout_caves
Slime:4:  layout_caves
Slime:5:  slime_pit_nicolae_inversion
Orc:1:    layout_caves
Orc:2:    st_orc_mages, layout_caves, basic_altar, serial_shops, shop,
          uniq_saint_roka

Skill      XL: |  1  2  3  4  5  6  7  8  9 10 11 12 13 14 15 |
---------------+----------------------------------------------+-----
Axes           | 3 4 5 6 |  6.2
Armour         | 1 2 3 4 6 8 9 11 13 14 15 16 | 16.7
Fighting       | 4 5 7 8 10 12 13 15 16 17 | 17.1
Maces & Flails | 3 4 6 8 9 11 12 13 14 | 14.8
Shields        | 3 7 9 |  9.5
Dodging        | |  2.4

Action                     |  1- 3 |  4- 6 |  7- 9 | 10-12 | 13-15 | 16-18 || total
---------------------------+-------+-------+-------+-------+-------+-------++-------
  Melee: Hand axe          |    62 |    81 |   108 |       |       |       ||   251
         Kick              |     3 |    30 |    50 |       |       |       ||    83
         Headbutt          |       |     1 |    57 |   168 |   160 |       ||   386
         Whip              |       |       |    91 |   503 |   739 |       ||  1333
         Pseudopods        |       |       |       |    68 |   283 |       ||   351
         Bite              |       |       |       |       |   270 |    13 ||   283
         Demon whip        |       |       |       |       |   817 |    80 ||   897
    Use: Scroll            |       |       |       |       |    18 |     2 ||    20
         Potion            |       |       |       |       |       |     1 ||     1
   Stab: Confused          |       |     2 |     3 |     8 |    35 |       ||    48
         Distracted        |       |       |     1 |       |       |       ||     1
         Sleeping          |       |       |       |       |    16 |     1 ||    17
 Armour: Robe              |    35 |    59 |   130 |       |       |       ||   224
         Troll leather arm |       |       |     4 |    35 |       |       ||    39
         Acid dragon scale |       |       |       |   241 |   806 |    62 ||  1109
  Dodge: Dodged            |    31 |    62 |   130 |   227 |   573 |    74 ||  1097
         Repelled          |       |       |       |       |       |     1 ||     1
  Block: Kite shield       |       |       |       |       |   661 |    84 ||   745

Table legend: (Time is in decaauts)
 A = Elapsed time spent in this place.
 B = Non-inter-level travel time spent in this place.
 C = Inter-level travel time spent in this place.
 D = Time resting spent in this place.
 E = Time spent auto-exploring this place.
 F = Levels seen in this place.
 G = Mean time per level.
                   A        B        C        D        E       F      G
               +--------+--------+--------+--------+--------+-----+--------+
         Total |  19928 |  17564 |   2364 |    582 |  12920 |  29 |  687.2 |
       Dungeon |  11838 |  10074 |   1764 |    432 |   7442 |  15 |  789.2 |
          Lair |   5653 |   5181 |    472 |     29 |   3688 |   5 | 1130.6 |
    Slime Pits |   1690 |   1577 |    113 |      0 |   1524 |   5 |  338.0 |
  Orcish Mines |    311 |    297 |     14 |     21 |    129 |   2 |  155.5 |
       Ossuary |    154 |    154 |      0 |      0 |     66 |   1 |  154.0 |
        Bailey |    279 |    279 |      0 |    100 |     71 |   1 |  279.0 |
               +--------+--------+--------+--------+--------+-----+--------+

Top non-repeatable levels by time:
  Lair:5: 1488 daAuts
  Lair:1: 1280 daAuts
    D:12: 1239 daAuts
     D:3: 1164 daAuts
     D:7: 1149 daAuts
     D:4: 1122 daAuts
     D:5: 1063 daAuts
  Lair:4: 1054 daAuts
  Lair:3: 941 daAuts
     D:8: 939 daAuts
    D:11: 914 daAuts
  Lair:2: 887 daAuts
     D:9: 862 daAuts
     D:1: 753 daAuts
    D:13: 619 daAuts
